 Dungeon Crawl Stone Soup version 0.21.1-1-g345015f (webtiles) character file.

140435 elbjorno the Executioner (level 16, -72/159 HPs)
             Began as a Minotaur Berserker on Apr 6, 2018.
             Was a High Priest of Trog.
             Killed from afar by a hellephant (78 damage)
             ... with a blast of flame
             ... on level 3 of the Abyss on Apr 8, 2018.
             The game lasted 02:45:24 (28280 turns).

elbjorno the Executioner (Minotaur Berserker)      Turns: 28280, Time: 02:45:25

Health: -72/159    AC: 33    Str: 23    XL:     16   Next: 75%
Magic:  15/15      EV: 11    Int:  4    God:    Trog [*****.]
Gold:   1286       SH:  0    Dex: 16    Spells: 15/15 levels left

rFire    . . .     SeeInvis .   l - +9 battleaxe (freeze)
rCold    . . .     Gourm    .   (shield currently unavailable)
rNeg     . . .     Faith    .   q - +7 plate armour {ponderous}
rPois    +         Spirit   .   (helmet unavailable)
rElec    .         Reflect  .   H - +2 cloak {+Inv}
rCorr    .         Harm     .   M - +0 pair of gloves
MR       +....                  z - +0 pair of boots
Stlth    ..........             (no amulet)
HPRegen  0.00/turn              x - +3 ring of slaying
MPRegen  0.14/turn              e - ring of poison resistance

@: about to teleport, berserk cooldown, non-regenerating, mildly diseased,
hasted and slowed, glowing, slow
A: retaliatory headbutt, hooves 1, horns 3
a: Berserk, Trog's Hand, Brothers in Arms, Burn Spellbooks, Renounce Religion,
Evoke Invisibility


You were on level 3 of the Abyss.
You worshipped Trog.
Trog was extremely pleased with you.
You were not hungry.

You visited 4 branches of the dungeon, and saw 25 of its levels.
You visited the Abyss 1 time.

You collected 2777 gold pieces.
You spent 1491 gold pieces at shops.

Inventory:

Hand Weapons
 l - a +9 battleaxe of freezing (weapon)
 y - a +2 hand axe of flaming
Armour
 q - a +7 plate armour of ponderousness (worn)
 z - a +0 pair of boots (worn)
 H - a +2 cloak of invisibility (worn)
 M - a +0 pair of gloves (worn)
Jewellery
 a - an uncursed ring of ice
 e - a ring of poison resistance (right hand)
 f - an uncursed ring of protection from magic
 x - a +3 ring of slaying (left hand)
 F - a +4 ring of strength
 K - an uncursed ring of see invisible
Wands
 t - a wand of iceblast (13)
 J - a wand of flame (86)
 P - a wand of acid (13)
 U - a wand of disintegration (10)
Scrolls
 b - 2 scrolls of enchant armour
 d - 9 scrolls of remove curse
 g - 3 scrolls of magic mapping
 i - 3 scrolls of blinking
 j - 16 scrolls of identify
 o - 7 scrolls of teleportation
 p - 3 scrolls of fear
 I - a scroll of fog
 V - a scroll of silence
Potions
 h - 5 potions of flight
 k - 5 potions of might
 m - a potion of berserk rage
 n - a potion of magic {unknown}
 s - 9 potions of curing
 u - 3 potions of lignification
 v - a potion of agility
 B - a potion of resistance
 D - 2 potions of heal wounds
 E - a potion of ambrosia
 G - 2 potions of mutation
 L - 4 potions of brilliance
 W - 2 potions of invisibility {unknown}
 X - a potion of cancellation {unknown}
Miscellaneous
 T - a lightning rod (4/4)
Comestibles
 c - 19 rations


   Skills:
 + Level 18.8 Fighting
 + Level 21.0 Axes
 + Level 18.7 Armour
 + Level 5.8 Dodging
 + Level 2.6 Stealth
 + Level 0.8 Evocations


You had 15 spell levels left.
You didn't know any spells.

Dungeon Overview and Level Annotations

Branches:
Dungeon (15/15)            Temple (0/1) D:5            Lair (6/6) D:8
 Shoals (0/4) Lair:3        Snake (2/4) Lair:4        Slime (0/5) Lair:6
    Orc (2/2) D:12            Elf (0/3) Orc:2        Vaults (0/5) D:14
 Depths (0/5) D:15

Altars:
Ashenzari
Cheibriados
Dithmenos
Fedhas
Gozag
Nemelex Xobeh
Okawaru
Qazlal
Ru
Sif Muna
Uskayaw
Vehumet
Xom
Yredelemnul
Zin
Beogh
Jiyva
Lugonu

Shops:
D:4 =   D:7 [   D:12 *   D:13 *(:   Orc:1 *   Orc:2 =*[(%

Portals:
Trove: D:10 (give 17 potions of curing)

Annotations:
D:15 exclusion: Roxanne, Roxanne
Lair:6 exclusion: oklob plant
Snake:2 Donald


Innate Abilities, Weirdness & Mutations

You reflexively headbutt those who attack you in melee.
You have a pair of large horns on your head.
You have large cloven feet.


Message History

* * * LOW HITPOINT WARNING * * *
Your deep troll bites the angel!
Your deep troll claws the angel but does no damage. x2
The angel hits your deep troll with a sacred scourge of holy wrath!
The angel hits your deep troll with a sacred scourge of holy wrath.
Your deep troll rages.
Something tramples your deep troll!!
Your deep troll holds its ground!
Your deep troll dies!
Your deep troll's corpse disappears in a puff of smoke!
You feel yourself speed up. The angel hits you but does no damage.
The angel hits you with a sacred scourge of holy wrath.
* * * LOW HITPOINT WARNING * * *
The hellephant blinks!
The angel hits you with a sacred scourge of holy wrath.
* * * LOW HITPOINT WARNING * * *
The angel completely misses you.
The hellephant blinks!
The angel hits you but does no damage. x2
The hellephant breathes flames at you. The blast of flame hits you!
You die...

. ## ####
#.##§%#####.#
#....#A@....#
#..#.
###...## .!..
#. ..#.§.# ..
# X.#..#Y# 5
#...)#..# ..
## ...# ..
#.!#.... .
......... .#
.......


You could see a hellephant and an angel.

Vanquished Creatures
  A profane servitor (Abyss:3)
  A fire giant (D:11)
  The ghost of Curus the Executioner, a journeyman MiBe of Trog (D:12)
  A stone giant (Orc:1)
  Josephine (D:14)
  Snorg (Lair:3)
  Harold (Lair:2)
  3 vault guards (D:14)
  Fannar (D:11)
  5 hydras
  Erica (D:8)
  2 centaur warriors
  3 naga warriors (Snake:1)
  2 death knights (D:14)
  4 anacondas (Snake:1)
  10 two-headed ogres
  A dancing weapon (Abyss:3)
  16 death yaks
  4 naga sharpshooters (Snake:1)
  A tengu warrior (D:13)
  3 shock serpents
  Urug (Lair:2)
  An orc high priest (Orc:2)
  A large abomination (Abyss:3)
  A skeletal warrior (D:15)
  5 unseen horrors
  3 naga ritualists (Snake:1)
  A shadow dragon zombie (D:15)
  A phantasmal warrior (D:14)
  The ghost of salinator123 the Cleaver, a novice MiFi of Trog (D:9)
  A wizard (D:15)
  3 orc knights
  3 cyclopes
  A necromancer (D:15)
  4 mana vipers
  2 orc sorcerers
  3 deep elf magi
  11 ugly things
  6 salamanders (Snake:1)
  A centaur zombie (D:15)
  3 manticores
  12 elephants
  4 naga magi (Snake:1)
  26 spiny frogs
  An apocalypse crab (Abyss:3)
  17 black mambas
  A gargoyle (D:14)
  5 centaur skeletons
  An efreet (D:15)
  The ghost of odemus the Conjurer, a novice HuCj (D:5)
  An ancient zyme (Abyss:3)
  10 komodo dragons
  2 rime drakes
  3 tyrant leeches
  8 trolls
  A queen bee (Lair:1)
  The ghost of
  1994 the Shooter, an amateur CeAM (D:4)
  4 slime creatures (D:14)
  A hornet (D:11)
  22 blink frogs
  3 raiju (D:12)
  10 hippogriffs
  4 dream sheep (Lair:3)
  A shadow (D:15)
  A ynoxinul (Abyss:3)
  7 wraiths (D:14)
  3 wyverns
  A yak (shapeshifter) (D:15)
  27 yaks
  Eustachio (D:5)
  2 humans (D:8)
  A hungry ghost (D:10)
  3 basilisks
  11 vampire mosquitoes
  15 water moccasins
  14 nagas
  2 acid dragons (D:14)
  7 porcupines
  A swamp drake (Orc:1)
  4 ice beasts
  28 orc warriors
  A phantom (D:6)
  2 sky beasts
  5 black bears
  3 boggarts (D:14)
  4 ogres
  17 centaurs
  17 wolves
  10 crocodiles
  2 big kobolds
  31 bullfrogs
  9 scorpions
  47 killer bees
  6 wights
  2 electric eels
  13 howler monkeys
  6 crimson imps
  2 bullfrog zombies (D:9)
  3 quasits
  4 jellies
  Crazy Yiuf (D:7)
  2 bullfrog skeletons
  18 orc priests
  6 hounds
  Jessica (D:2)
  An iguana (shapeshifter) (D:13)
  Natasha (D:3)
  4 iguanas
  13 orc wizards
  8 worker ants
  3 hound zombies
  2 hound skeletons (D:8)
  2 howler monkey zombies
  2 worker ant zombies
  Robin (D:2)
  15 adders
  7 gnolls
  4 shadow imps
  A white imp (Orc:1)
  An ufetubus (Abyss:3)
  2 oozes
  An adder skeleton (D:8)
  A dart slug (D:2)
  2 leopard geckos
  92 orcs
  5 giant cockroaches
  11 goblins
  5 hobgoblins
  7 jackals
  10 kobolds
  3 quokkas
  A ball python (D:6)
  6 bats
  7 frilled lizards
  A jackal zombie (D:5)
  4 rats
  7 fungi
  2 plants (Lair:2)
827 creatures vanquished.

Vanquished Creatures (collateral kills)
  Saint Roka (Orc:2)
  A sphinx (D:11)
  Frances (D:14)
  Nessos (Lair:4)
  A naga warrior (Snake:1)
  A vault guard (D:14)
  2 hydras (Lair:2)
  2 centaur warriors
  An orc high priest (Orc:2)
  A vampire mage (D:15)
  2 orc knights (Orc:2)
  2 ugly things
  2 orc sorcerers
  A golden dragon skeleton (D:15)
  A cyclops (D:14)
  A gargoyle (D:14)
  A yaktaur zombie (D:15)
  A tengu conjurer (D:15)
  A guardian mummy (D:15)
  A spriggan zombie (D:15)
  A slime creature (D:14)
  3 yaks
  A wyvern (D:14)
  A basilisk (Lair:4)
  A warg (Orc:1)
  A warg (shapeshifter) (D:15)
  A naga (Lair:4)
  A water moccasin (Lair:4)
  A porcupine (Lair:4)
  10 orc warriors
  3 ogres
  2 wolves (Lair:4)
  4 centaurs
  Blork the orc (Orc:2)
  3 orc priests (Orc:2)
  6 orc wizards
  An iron imp (Orc:1)
  A gnoll (Orc:2)
  15 orcs
  A kobold (D:11)
83 creatures vanquished.

Vanquished Creatures (others)
  2 kobolds (D:11)
  A bush (Lair:6)
  9 fungi
  41 plants
53 creatures vanquished.

Grand Total: 963 creatures vanquished

Notes
Turn   | Place    | Note
-------+----------+-------------------------------------------
     0 | D:1      | elbjorno the Minotaur Berserker began the quest for the Orb.
     0 | D:1      | Reached XP level 1. HP: 19/19 MP: 0/0
   131 | D:1      | Reached XP level 2. HP: 27/27 MP: 1/1
   175 | D:1      | Reached skill level 4 in Axes
   447 | D:1      | Reached XP level 3. HP: 33/33 MP: 2/2
   709 | D:2      | Found a stormy altar of Qazlal.
   710 | D:2      | Found a basalt altar of Yredelemnul.
   745 | D:2      | Noticed Robin
   758 | D:2      | Killed Robin
  1021 | D:2      | Reached XP level 4. HP: 41/41 MP: 3/3
  1122 | D:2      | Reached ** piety under Trog
  1420 | D:2      | Noticed Jessica
  1425 | D:2      | Killed Jessica
  1672 | D:3      | Reached skill level 5 in Axes
  1989 | D:3      | Reached XP level 5. HP: 42/47 MP: 4/4
  2172 | D:3      | Noticed Natasha
  2178 | D:3      | Killed Natasha
  2357 | D:4      | Reached skill level 5 in Fighting
  2437 | D:4      | Noticed 1994's ghost (amateur CeAM)
  2452 | D:4      | Killed 1994's ghost
  2452 | D:4      | Reached skill level 6 in Axes
  2452 | D:4      | Reached skill level 5 in Armour
  2452 | D:4      | Reached XP level 6. HP: 56/56 MP: 5/5
  2544 | D:4      | Found Kewkam's Jewellery Boutique.
  2554 | D:4      | Bought a +2 ring of evasion for 110 gold pieces
  2604 | D:4      | Found a shimmering altar of Xom.
  2704 | D:4      | Reached XP level 7. HP: 61/61 MP: 6/6
  3021 | D:5      | Entered Level 5 of the Dungeon
  3039 | D:5      | Reached *** piety under Trog
  3063 | D:5      | Reached skill level 7 in Axes
  3114 | D:5      | Noticed odemus's ghost (novice HuCj)
  3122 | D:5      | Killed odemus's ghost
  3184 | D:5      | Noticed Eustachio
  3191 | D:5      | Killed Eustachio
  3191 | D:5      | Reached skill level 8 in Axes
  3191 | D:5      | Reached XP level 8. HP: 70/70 MP: 7/7
  3311 | D:5      | Found a staircase to the Ecumenical Temple.
  3632 | D:5      | Found a shattered altar of Ashenzari.
  3800 | D:6      | Found a glowing silver altar of Zin.
  3813 | D:6      | Reached skill level 9 in Axes
  4028 | D:6      | Found a snail-covered altar of Cheibriados.
  4029 | D:6      | Noticed a hand axe
  4029 | D:6      | Noticed a dagger
  4033 | D:6      | Found a hide-covered altar of Uskayaw.
  4301 | D:7      | Found Bocaiwig's Antique Armour Shop.
  4312 | D:7      | Found a glowing silver altar of Zin.
  4428 | D:7      | Reached **** piety under Trog
  4428 | D:7      | Reached XP level 9. HP: 72/79 MP: 8/8
  4574 | D:7      | Reached skill level 10 in Axes
  4608 | D:7      | Found a deep blue altar of Sif Muna.
  4805 | D:7      | Found a runed door.
  4809 | D:7      | Noticed Crazy Yiuf
  4813 | D:7      | Killed Crazy Yiuf
  4970 | D:7      | Found a shadowy altar of Dithmenos.
  5172 | D:8      | Noticed Erica
  5214 | D:8      | Killed Erica
  5386 | D:8      | Received a gift from Trog
  5386 | D:8      | Reached skill level 11 in Axes
  5446 | D:8      | Noticed a two-headed ogre
  5461 | D:8      | Killed a two-headed ogre
  5847 | D:8      | Found an iron altar of Okawaru.
  5853 | D:8      | Reached XP level 10. HP: 88/88 MP: 9/9
  5922 | D:8      | Found a staircase to the Lair.
  5962 | D:8      | Noticed a two-headed ogre
  5970 | D:8      | Killed a two-headed ogre
  5970 | D:8      | Reached skill level 12 in Axes
  5970 | D:8      | Reached skill level 10 in Armour
  6453 | Lair:1   | Entered Level 1 of the Lair of Beasts
  6496 | Lair:1   | Reached skill level 1 in Stealth
  6921 | Lair:1   | Reached skill level 13 in Axes
  7125 | Lair:1   | Reached XP level 11. HP: 97/97 MP: 10/10
  7863 | Lair:1   | Reached skill level 14 in Axes
  7867 | Lair:1   | Reached skill level 10 in Fighting
  8211 | Lair:2   | Noticed a seven-headed hydra
  8507 | Lair:2   | Noticed Harold
  8508 | Lair:2   | Noticed a five-headed hydra
  8524 | Lair:2   | Killed Harold
  8538 | Lair:2   | Killed a six-headed hydra
  8576 | Lair:2   | Noticed a four-headed hydra
  8588 | Lair:2   | Killed an eight-headed hydra
  8645 | Lair:2   | Noticed Urug
  8684 | Lair:2   | Killed Urug
  9353 | Lair:2   | Killed a 13-headed hydra
  9353 | Lair:2   | Reached XP level 12. HP: 60/110 MP: 11/11
  9697 | Lair:3   | Noticed Snorg
  9714 | Lair:3   | Killed Snorg
 10408 | Lair:3   | Found a staircase to the Shoals.
 10427 | Lair:3   | Reached skill level 15 in Axes
 10588 | Lair:3   | Noticed an eight-headed hydra
 10597 | Lair:3   | Killed a 14-headed hydra
 10870 | Lair:4   | Found a staircase to the Snake Pit.
 11059 | Lair:4   | Reached skill level 15 in Armour
 11262 | Lair:4   | Noticed Nessos
 11347 | Lair:4   | Killed Nessos
 11347 | Lair:4   | Reached skill level 5 in Dodging
 11992 | Lair:5   | Noticed a six-headed hydra
 11994 | Lair:5   | Reached XP level 13. HP: 121/122 MP: 12/12
 12737 | Lair:6   | Entered Level 6 of the Lair of Beasts
 13660 | Lair:5   | Reached skill level 16 in Axes
 13838 | Lair:6   | Reached ***** piety under Trog
 14790 | Lair:5   | Reached skill level 15 in Fighting
 15001 | Lair:5   | Reached XP level 14. HP: 135/135 MP: 13/13
 15076 | Lair:5   | Received a gift from Trog
 15278 | Lair:6   | Found a runed door.
 15298 | Lair:6   | Found a viscous altar of Jiyva.
 15298 | Lair:6   | Found a staircase to the Slime Pits.
 16778 | D:9      | Found a radiant altar of Vehumet.
 17042 | D:9      | Found a snail-covered altar of Cheibriados.
 17042 | D:9      | Found a sparkling altar of Nemelex Xobeh.
 17132 | D:9      | Noticed salinator123's ghost (novice MiFi)
 17146 | D:9      | Killed salinator123's ghost
 17262 | D:9      | Found a sacrificial altar of Ru.
 17359 | D:10     | Entered Level 10 of the Dungeon
 17385 | D:10     | Received a gift from Trog
 18433 | D:10     | Found a portal to a secret trove of treasure.
 18742 | D:11     | Reached skill level 17 in Axes
 18817 | D:11     | Noticed Fannar
 18827 | D:11     | Killed Fannar
 19572 | D:11     | Found a large runed door.
 19572 | D:11     | Found a large runed door.
 19765 | D:11     | Noticed a sphinx
 19766 | D:11     | Noticed a fire giant
 19773 | D:11     | Killed a sphinx
 19775 | D:11     | Killed a fire giant
 19803 | D:11     | Gained mutation: You are frail. (-10% HP) [potion of mutation]
 19803 | D:11     | Gained mutation: You have a pair of large horns on your head. [potion of mutation]
 19803 | D:11     | Gained mutation: You have large cloven feet. [potion of mutation]
 19803 | D:11     | Lost mutation: You are frail. (-10% HP) [potion of mutation]
 20195 | D:11     | Found a deep blue altar of Sif Muna.
 20198 | D:11     | Found an opulent altar of Gozag.
 20313 | D:12     | Found a transporter.
 20321 | D:12     | Found a corrupted altar of Lugonu.
 20346 | D:12     | Noticed Curus's ghost (journeyman MiBe)
 20359 | D:12     | Killed Curus's ghost
 20657 | D:12     | Found Ijuicer's Elemental Accessories.
 20708 | D:12     | You fall through a shaft!
 20730 | D:13     | Found Litawn's Assorted Antiques.
 20946 | D:12     | Found a roughly hewn altar of Beogh.
 20959 | D:12     | Found a staircase to the Orcish Mines.
 21156 | Orc:1    | Entered Level 1 of the Orcish Mines
 21165 | Orc:1    | Reached ****** piety under Trog
 21184 | Orc:1    | Reached XP level 15. HP: 145/145 MP: 14/14
 21186 | Orc:1    | Received a gift from Trog
 21631 | Orc:1    | Reached skill level 18 in Axes
 21797 | Orc:1    | Found Hoop Voa's Assorted Antiques.
 21805 | Orc:1    | Bought a runed plate armour for 780 gold pieces
 21981 | Orc:2    | Entered Level 2 of the Orcish Mines
 21989 | Orc:2    | Found Kok Elui's Food Boutique.
 22020 | Orc:2    | Bought a ration for 70 gold pieces
 22020 | Orc:2    | Bought a ration for 70 gold pieces
 22020 | Orc:2    | Bought a ration for 70 gold pieces
 22020 | Orc:2    | Bought a ration for 70 gold pieces
 22020 | Orc:2    | Bought a ration for 70 gold pieces
 22020 | Orc:2    | Bought a ration for 70 gold pieces
 22055 | Orc:2    | Noticed Blork the orc
 22074 | Orc:2    | Noticed Saint Roka
 22074 | Orc:2    | Killed Blork the orc
 22338 | Orc:2    | Killed Saint Roka
 22614 | Orc:2    | Found a roughly hewn altar of Beogh.
 22629 | Orc:2    | Found Heazuc's Antique Weapon Shop.
 22685 | Orc:2    | Found Heicuuf's General Store.
 22688 | Orc:2    | Found Ufabb's Antique Armour Shop.
 22790 | Orc:2    | Found a roughly hewn altar of Beogh.
 22835 | Orc:2    | Bought a scroll of teleportation for 33 gold pieces
 22835 | Orc:2    | Bought 2 potions of curing for 66 gold pieces
 22835 | Orc:2    | Bought a scroll of enchant weapon for 82 gold pieces
 22884 | Orc:2    | Found Pesmoyv's Jewellery Shop.
 22924 | Orc:2    | Received a gift from Trog
 23071 | Orc:2    | Found a staircase to the Elven Halls.
 23502 | D:13     | Found a sacrificial altar of Ru.
 23521 | D:13     | Received a gift from Trog
 23766 | D:13     | Found Cocip's Book Shop.
 23774 | D:13     | Reached skill level 19 in Axes
 23856 | D:13     | Found Omulups's Weapon Shop.
 24022 | D:14     | Found a blossoming altar of Fedhas.
 24114 | D:14     | Noticed Frances
 24139 | D:14     | Killed Frances
 24215 | D:14     | Received a gift from Trog
 24377 | D:14     | Noticed Josephine
 24387 | D:14     | Killed Josephine
 24445 | D:14     | Found a gate to the Vaults.
 25569 | D:15     | Entered Level 15 of the Dungeon
 25575 | D:15     | Noticed Roxanne
 25705 | D:15     | Reached XP level 16. HP: 143/157 MP: 5/15
 25757 | D:15     | Found a hide-covered altar of Uskayaw.
 25765 | D:15     | Found a staircase to the Depths.
 25794 | D:15     | Reached skill level 20 in Axes
 25984 | D:15     | Found a shadowy altar of Dithmenos.
 26273 | D:12     | Found a transporter.
 26757 | Snake:1  | Entered Level 1 of the Snake Pit
 28022 | Snake:1  | Received a gift from Trog
 28122 | Snake:2  | Noticed Donald
 28140 | Snake:2  | Cast into level 3 of the Abyss (Donald)
 28249 | Abyss:3  | Noticed a profane servitor
 28261 | Abyss:3  | Noticed a hellephant
 28267 | Abyss:3  | Killed a profane servitor
 28267 | Abyss:3  | Reached skill level 21 in Axes
 28279 | Abyss:3  | HP: 6/159 [angel/sacred scourge of holy wrath (2)]
 28280 | Abyss:3  | Killed from afar by a hellephant

Skill      XL: |  1  2  3  4  5  6  7  8  9 10 11 12 13 14 15 16 |
---------------+-------------------------------------------------+-----
Axes           | 4 5 6 8 9 11 13 14 15 16 17 19 21 | 21.0
Fighting       | 4 5 6 7 8 9 11 13 15 16 17 18 | 18.8
Armour         | 3 5 6 8 9 11 13 15 16 17 18 | 18.7
Dodging        | 3 4 5 |  5.8
Stealth        | 1 2 |  2.6
Evocations     | |  0.8

Action                   |  1- 3 |  4- 6 |  7- 9 | 10-12 | 13-15 | 16-18 || total
-------------------------+-------+-------+-------+-------+-------+-------++-------
Melee: Hand axe          |    53 |    75 |   261 |   583 |   566 |       ||  1538
       Headbutt          |     7 |    18 |    64 |   175 |   335 |    50 ||   649
       Battleaxe         |       |       |       |       |   583 |   207 ||   790
Invok: Berserk           |     1 |     5 |     3 |    18 |    35 |     5 ||    67
       Brothers in Arms  |       |       |       |     6 |    16 |     5 ||    27
       Trog's Hand       |       |       |       |     2 |     1 |     1 ||     4
       Burn Spellbooks   |       |       |       |     1 |     3 |     1 ||     5
Evoke: Wand              |       |       |       |     3 |       |       ||     3
  Use: Scroll            |       |     2 |       |     9 |    14 |     7 ||    32
       Potion            |       |       |       |     9 |     6 |     1 ||    16
 Stab: Distracted        |       |       |       |       |     2 |       ||     2
  Eat: Chunk             |     1 |     5 |     3 |    16 |    29 |     2 ||    56
       Ration            |       |     1 |     4 |     6 |    16 |     4 ||    31
Armor: Ring mail         |    14 |    20 |       |       |       |       ||    34
       Animal skin       |     1 |       |       |       |       |       ||     1
       Plate armour      |       |     3 |   132 |   350 |   735 |   148 ||  1368
Dodge: Dodged            |    28 |    34 |    82 |   223 |   511 |   100 ||   978
